 Dungeon Crawl Stone Soup version 0.27-a0-346-ga689d4a613 (webtiles) character file.

Game seed: 10872171930232984362

3017 jestyr24 the Carver (level 9, -4/78 HPs)
             Began as a Minotaur Gladiator on Feb 16, 2021.
             Was a Priest of Makhleb.
             Slain by an orc warrior
             ... wielding a +0 mace
              (15 damage)
             ... on level 8 of the Dungeon.
             The game lasted 00:22:40 (5496 turns).

jestyr24 the Carver (Minotaur Gladiator)            Turns: 5496, Time: 00:22:41

Health: -4/78      AC: 14    Str: 22    XL:     9   Next: 55%
Magic:  8/8        EV: 12    Int:  5    God:    Makhleb [***...]
Gold:   462        SH:  0    Dex: 12    Spells: 8/8 levels left

rFire    . . .     SeeInvis .   a - +0 long sword
rCold    + + .     Faith    .   (no shield)
rNeg     . . .     Spirit   .   o - +0 ice dragon scales
rPois    +         Reflect  .   c - +0 hat
rElec    .         Harm     .   H - scarf {repulsion}
rCorr    .         Rampage  .   (no gloves)
Will     .....                  (no boots)
Stlth    ..........             m - amulet of regeneration
HPRegen  1.23/turn              b - ring of poison resistance
MPRegen  0.11/turn              (no ring)

@: repel missiles
A: retaliatory headbutt, horns 2, slimy green scales 1, fire resistance 1
a: Renounce Religion, Minor Destruction, Lesser Servant of Makhleb


You were on level 8 of the Dungeon.
You worshipped Makhleb.
Makhleb was most pleased with you.
You visited 1 branch of the dungeon, and saw 8 of its levels.

You collected 462 gold pieces.

Inventory:

Hand Weapons
 a - a +0 long sword (weapon)
 t - a +2 dagger of venom
 u - a +0 falchion
 A - a +1 vorpal flail
Missiles
 d - 3 throwing nets (quivered)
 k - 6 javelins
 r - 6 boomerangs
Armour
 c - a +0 hat (worn)
 o - +0 ice dragon scales (worn)
 B - a +1 chain mail of cold resistance
 F - a +0 cloak
 H - a scarf of repulsion (worn)
Jewellery
 b - a ring of poison resistance (left hand)
 m - an amulet of regeneration (around neck)
 D - a ring of ice {unknown}
 E - a ring of protection from cold
Wands
 y - a wand of flame (17)
Scrolls
 e - 3 scrolls of magic mapping
 f - 4 scrolls of amnesia {unknown}
 i - 11 scrolls of identify {unknown}
 n - a scroll of fear {unknown}
 s - 2 scrolls of teleportation {unknown}
 v - a scroll of enchant weapon {unknown}
 x - 2 scrolls of enchant armour {unknown}
Potions
 h - a potion of mutation
 j - 2 potions of heal wounds {unknown}
 l - a potion of magic {unknown}
 p - a potion of curing {unknown}
 q - a potion of brilliance {unknown}
 w - 4 potions of attraction {unknown}
 z - a potion of lignification {unknown}
 C - a potion of invisibility {unknown}
 G - a potion of resistance {unknown}
 I - a potion of flight {unknown}


   Skills:
 + Level 6.6 Fighting
 + Level 11.0 Long Blades
 + Level 2.1 Throwing
 + Level 8.4 Armour
 + Level 5.9 Dodging
 - Level 0.9 Stealth


You had 8 spell levels left.
You didn't know any spells.
Your spell library contained the following spells:

 Spells                   Type           Power        Failure   Level
 Beastly Appendage        Tmut           0%           82%         1
 Corona                   Hex            0%           82%         1
 Magic Dart               Conj           0%           82%         1
 Ensorcelled Hibernation  Hex/Ice        0%           91%         2
 Searing Ray              Conj           0%           91%         2
 Wereblood                Tmut           0%           91%         2
 Confusing Touch          Hex            0%           99%         3
 Dazzling Flash           Conj/Hex       0%           99%         3
 Spider Form              Tmut/Pois      0%           99%         3
 Tukima's Dance           Hex            0%           99%         3
 Fulminant Prism          Conj/Hex       0%           100%        4
 Ice Form                 Ice/Tmut       0%           100%        4
 Iskenderun's Mystic Bla  Conj/Tloc      0%           100%        4
 Blade Hands              Tmut           0%           100%        5


Dungeon Overview and Level Annotations

Branches:
Dungeon (8/15)             Temple (0/1) D:7            Lair (0/6) D:8

Altars:
Cheibriados
Dithmenos
Kikubaaqudgha
Makhleb
Nemelex Xobeh
Okawaru
Ru
Trog
Vehumet
Wu Jian
The Shining One


Innate Abilities, Weirdness & Mutations

You reflexively headbutt those who attack you in melee.
You have a pair of horns on your head.
You are partially covered in slimy green scales. (AC +2)
Your flesh is heat resistant. (rF+)


Message History

You kill the orc priest!
Makhleb accepts your kill.
You feel better.
The orc warrior hits you but does no damage.
Something hits you but does no damage.
The orc warrior hits you with a +0 mace!
* * * LOW HITPOINT WARNING * * *
You hit something but do no damage. The orc barely misses you.
Something hits you but does no damage.
You miss something. Your headbutt misses something.
The orc warrior completely misses you.
You riposte.
You hit the orc warrior but do no damage.
You headbutt the orc warrior, but do no damage.
The orc warrior is moderately wounded.
The orc barely misses you.
You hear some strange, mumbled words.
A puff of flame appears from out of thin air!
The puff of flame is repelled.
You closely miss the orc warrior. Your headbutt misses the orc warrior.
The orc warrior is moderately wounded.
The orc warrior hits you with a +0 mace!
* * * LOW HITPOINT WARNING * * *
The orc misses you.
You hit the orc warrior but do no damage.
The orc warrior is moderately wounded.
You hear the slow hiss of a distant avalanche of sand.
Something hits you but does no damage. The orc warrior misses you.
The orc priest calls upon Beogh to heal the orc warrior.
You barely miss something. The orc hits you but does no damage.
Something hits you but does no damage.
You miss something. You headbutt something.
The orc priest calls upon Beogh to heal the orc warrior.
The orc warrior hits you with a +0 mace.
* * * LOW HITPOINT WARNING * * *
The orc hits you from afar with a +0 trident.
* * * LOW HITPOINT WARNING * * *
Something hits you but does no damage.
Your ice dragon scales prevents you from hitting something.
The orc warrior hits you with a +0 mace!
You die...

#.......## .......
..........#
.......
...........
....>..
............
.......
#...##..#....
..P.... ...#
#....... .......
..# #.......
#....o####.#
#......# #..o{@..#
#..##...#
#####o..#
##..###..# ##.##
#..# ##..
#..#####..####...
#....##..........
#................
#..#####....#####.
#..## ##..## #.
...# #..# #)


You could see an orc warrior, an orc priest and an orc.

Vanquished Creatures
  Maggie (D:6)
  Sigmund (D:2)
  Eustachio (D:6)
  Edmund (D:4)
  2 wargs (D:8)
  2 ice beasts
  An orc warrior (D:6)
  A black bear (D:7)
  5 centaurs
  2 ogres
  4 bullfrogs
  A quasit (D:5)
  3 hounds
  3 orc priests
  2 jellies (D:6)
  5 iguanas
  5 orc wizards
  4 worker ants
  A killer bee zombie (D:6)
  A hound skeleton (D:5)
  Robin (D:2)
  3 gnolls (D:7)
  7 adders
  2 white imps
  2 ufetubi (D:5)
  An ooze (D:5)
  An adder skeleton (D:5)
  4 worms
  4 leopard geckos
  18 orcs
  6 giant cockroaches
  14 goblins
  6 hobgoblins
  13 jackals
  10 kobolds
  3 quokkas
  3 ball pythons
  5 bats
  4 frilled lizards
  A jackal skeleton (D:5)
  4 rats
158 creatures vanquished.

Notes
Turn   | Place    | Note
-------+----------+-------------------------------------------
     0 | D:1      | jestyr24 the Minotaur Gladiator began the quest for the
                  | Orb.
     0 | D:1      | Reached XP level 1. HP: 18/18 MP: 0/0
   189 | D:1      | Reached XP level 2. HP: 25/25 MP: 1/1
   868 | D:2      | Reached skill level 4 in Long Blades
   888 | D:2      | Noticed Robin
   893 | D:2      | Reached XP level 3. HP: 31/31 MP: 2/2
   900 | D:2      | Killed Robin
   908 | D:2      | Reached skill level 1 in Armour
  1103 | D:2      | Reached XP level 4. HP: 34/38 MP: 3/3
  1215 | D:2      | Noticed Sigmund
  1222 | D:2      | Killed Sigmund
  1223 | D:2      | Reached skill level 5 in Long Blades
  1223 | D:2      | Reached XP level 5. HP: 31/46 MP: 4/4
  1694 | D:2      | Found an ancient bone altar of Kikubaaqudgha.
  1704 | D:2      | Found a glowing golden altar of the Shining One.
  1704 | D:2      | Found a snail-covered altar of Cheibriados.
  1708 | D:2      | Found a burning altar of Makhleb.
  1713 | D:2      | Became a worshipper of Makhleb the Destroyer
  1928 | D:3      | Found a sparkling altar of Nemelex Xobeh.
  1947 | D:3      | Reached skill level 6 in Long Blades
  1947 | D:3      | Reached XP level 6. HP: 52/52 MP: 5/5
  1958 | D:3      | You fall into a shaft and drop 3 floors!
  2059 | D:6      | Reached XP level 7. HP: 56/60 MP: 6/6
  2112 | D:6      | Reached skill level 7 in Long Blades
  2236 | D:6      | Found a bloodstained altar of Trog.
  2262 | D:6      | Noticed Maggie
  2277 | D:6      | Killed Maggie
  2278 | D:6      | Reached skill level 5 in Fighting
  2278 | D:6      | Reached skill level 8 in Long Blades
  2278 | D:6      | Reached skill level 5 in Dodging
  2278 | D:6      | Reached XP level 8. HP: 7/68 MP: 7/7
  2352 | D:6      | Reached skill level 5 in Armour
  2359 | D:6      | Noticed Eustachio
  2368 | D:6      | Reached * piety under Makhleb
  2375 | D:6      | Gained mutation: You are partially covered in slimy green
                  | scales. (AC +2) [potion of mutation]
  2375 | D:6      | Gained mutation: Your flesh is heat resistant. (rF+)
                  | [potion of mutation]
  2380 | D:6      | Killed Eustachio
  2790 | D:5      | Entered Level 5 of the Dungeon
  2803 | D:5      | Reached skill level 9 in Long Blades
  3152 | D:5      | Found a sacrificial altar of Ru.
  3163 | D:5      | Reached ** piety under Makhleb
  3373 | D:4      | Noticed Edmund
  3385 | D:4      | Killed Edmund
  3386 | D:4      | Reached XP level 9. HP: 73/75 MP: 8/8
  3544 | D:4      | Found an ornate altar of the Wu Jian Council.
  3546 | D:4      | Found an iron altar of Okawaru.
  3699 | D:4      | Reached skill level 10 in Long Blades
  3879 | D:4      | Found a radiant altar of Vehumet.
  4182 | D:3      | Found a shadowy altar of Dithmenos.
  4855 | D:7      | Found a staircase to the Ecumenical Temple.
  5020 | D:7      | Reached *** piety under Makhleb
  5465 | D:8      | Found a staircase to the Lair.
  5486 | D:8      | Reached skill level 11 in Long Blades
  5496 | D:8      | Slain by an orc warrior

Illustrated notes

Levels and vault maps discovered:
D:1:      dpeg_arrival_tiny_c, layout_basic
D:2:      layout_loops_ring, minitemple, uniq_sigmund, uniq_robin
D:3:      layout_loops_ring, nemelex_xobeh_ov_fountains_minmay,
          grunt_dithmenos_smoke, cheibrodos_sewer_entry_sluice
D:4:      layout_layer_cave, chequers_temple_overflow_statue_of_worship,
          lemuel_crystal_altar, uniq_edmund
D:5:      layout_rooms, kennysheep_mini
D:6:      layout_basic, bloody_trog, st_stairs_9, grunt_decor_cap,
          uniq_eustachio, uniq_maggie
D:7:      layout_basic, minmay_temple_entry_glassed_door,
          eino_small_chamber_without_monster, st_stairs_1, hangedman_glass_teeth
D:8:      layout_layer_cave, grunt_temple_overflow_forces_of_nature,
          erik_lair_orcish_takeover, enter_ossuary_2, special_room
          [special_room_kobold]

Skill      XL: |  1  2  3  4  5  6  7  8  9 |
---------------+----------------------------+-----
Fighting       | 3 4 5 6 |  6.6
Long Blades    | 4 5 6 8 9 11 | 11.0
Armour         | 1 2 3 4 7 8 |  8.4
Dodging        | 4 5 |  5.9
Throwing       | |  2.1
Stealth        | |  0.9

Action                   |  1- 3 |  4- 6 |  7- 9 || total
-------------------------+-------+-------+-------++-------
Melee: Long sword        |    70 |    58 |   300 ||   428
       Headbutt          |    10 |     6 |    76 ||    92
  Use: Scroll            |       |     1 |       ||     1
       Potion            |       |       |     1 ||     1
Armor: Leather armour    |     6 |       |       ||     6
       Scale mail        |    20 |     8 |       ||    28
       Ice dragon scales |       |    34 |   161 ||   195
Dodge: Dodged            |    56 |    46 |   186 ||   288
       Repelled          |       |       |     1 ||     1
       Rpst.: Long sword |    13 |    10 |    47 ||    70

Table legend: (Time is in decaauts)
 A = Elapsed time spent in this place.
 B = Non-inter-level travel time spent in this place.
 C = Inter-level travel time spent in this place.
 D = Time resting spent in this place.
 E = Time spent auto-exploring this place.
 F = Levels seen in this place.
 G = Mean time per level.
                   A        B        C        D        E       F      G
               +--------+--------+--------+--------+--------+-----+--------+
         Total |   5496 |   5162 |    334 |    405 |   3038 |   8 |  687.0 |
       Dungeon |   5496 |   5162 |    334 |    405 |   3038 |   8 |  687.0 |
               +--------+--------+--------+--------+--------+-----+--------+

Top non-repeatable levels by time:
     D:2: 1091 daAuts
     D:6: 911 daAuts
     D:1: 840 daAuts
     D:4: 703 daAuts
     D:3: 699 daAuts
     D:5: 588 daAuts
     D:7: 560 daAuts
     D:8: 102 daAuts
